 Dungeon Crawl Stone Soup version 0.32-a0-933-ga8fa3634e4 (webtiles) character file.

Game seed: 14026373791383732861

21949 Autsider the Covert (level 12, -2/54 HPs)
             Began as a Spriggan Alchemist on Apr 15, 2024.
             Was a Priest of Hepliaklqana.
             Slain by a freezing wraith (4 damage)
             ... on level 14 of the Dungeon.
             The game lasted 00:51:32 (18716 turns).

Autsider the Covert (Spriggan Alchemist)           Turns: 18716, Time: 00:51:33

Health: -2/54      AC:  8    Str:  6    XL:     12   Next: 58%
Magic:  1/27       EV: 37    Int: 19    God:    Hepliaklqana [***...]
Gold:   1060       SH:  0    Dex: 16    Spells: 18/31 levels left

rFire   + . .        T - +8 shortbow "Zotiz" {freeze, rF+ rC+ rN+}
rCold   + . .        (shield currently unavailable)
rNeg    + . .        K - +2 steam dragon scales
rPois   +            (helmet restricted)
rElec   .            m - +0 cloak
rCorr   .            (gloves unavailable)
SInv    +            (boots unavailable)
Will    ++...        g - amulet of the acrobat
Stlth   ++++         x - ring of wizardry
HPRegen 0.29/turn    F - ring of poison resistance
MPRegen 0.20/turn

%: acrobat, wizardry (x1)
@: acrobatic, slowed, quick
A: reduced essence, very small, no large weapons, unfitting armour, see
invisible, speed 3
a: Renounce Religion, Recall Ancestor, Ancestor Identity, Transference


You were on level 14 of the Dungeon.
You worshipped Hepliaklqana.
Hepliaklqana was most pleased with you.
You visited 2 branches of the dungeon, and saw 15 of its levels.
You also visited: Ossuary and Bailey.

You collected 1348 gold pieces.
You spent 288 gold pieces at shops.

Inventory:

Hand Weapons
 e - a +0 scimitar of protection
 n - a +0 sling
 A - a +1 dagger of venom
 C - a +0 orcbow
 G - a +4 dagger of electrocution
 I - a +3 trident of flaming
 T - the +8 shortbow "Zotiz" (weapon) {freeze, rF+ rC+ rN+}
   (You bought it in a shop on level 14 of the Dungeon)

   rF+:       It protects you from fire.
   rC+:       It protects you from cold.
   rN+:       It protects you from negative energy.
Missiles
 d - 12 throwing nets
 f - 54 poisoned darts
 o - 8 boomerangs
Armour
 m - a +0 cloak (worn)
 r - a +1 robe of fire resistance
 y - a +0 buckler
 K - +2 steam dragon scales (worn)
 P - a +2 robe of cold resistance
Magical Staves
 i - a staff of conjuration
Jewellery
 g - an amulet of the acrobat (around neck)
 x - a ring of wizardry (left hand)
 F - a ring of poison resistance (right hand)
 M - a ring of ice
Wands
 p - a wand of quicksilver (20)
 w - a wand of charming (13)
 J - a wand of polymorph (9)
 N - a wand of mindburst (6)
 O - a wand of digging (3)
Scrolls
 c - 4 scrolls of fog
 h - 3 scrolls of enchant armour
 j - 4 scrolls of teleportation {@r2}
 l - 2 scrolls of vulnerability
 z - a scroll of revelation
 D - 2 scrolls of acquirement
 H - a scroll of noise
 L - 2 scrolls of poison
 Q - a scroll of blinking {unknown}
 R - 3 scrolls of identify {@r1}
Potions
 a - 3 potions of haste {unknown}
 b - a potion of magic
 k - 2 potions of brilliance
 q - 2 potions of lignification
 s - 2 potions of heal wounds
 t - 2 potions of ambrosia
 u - 4 potions of curing {@q1}
 v - 2 potions of mutation
 B - a potion of invisibility {unknown}
 E - 2 potions of attraction {unknown}
 S - a potion of berserk rage {unknown}


   Skills:
 - Level 5.0 Fighting
 - Level 10.0 Dodging
 - Level 10.0 Stealth
 - Level 10.0 Spellcasting
 - Level 5.0 Conjurations
 + Level 3.0 Hexes
 - Level 5.0 Fire Magic
 - Level 10.0 Alchemy
 + Level 9.5 Invocations
 - Level 5.0 Evocations


You had 18 spell levels left.
You knew the following spells:

 Your Spells              Type           Power      Damage    Failure   Level
a - Sting                 Conj/Alch      100%       1d9       1%          1
b - Olgreb's Toxic Radia  Alch           47%        N/A       1%          4
c - Sticky Flame          Fire/Alch      38%        2d8       1%          4
d - Ignite Poison         Fire/Alch      38%        N/A       1%          4

Your spell library contained the following spells:

 Spells                   Type           Power      Damage    Failure   Level
 Shock                    Conj/Air       76%        1d7       1%          1
 Cigotuvi's Dreadful Rot  Necr/Alch/Air  44%        N/A       1%          2
 Mercury Vapours          Alch/Air       56%        N/A       1%          2
 Scorch                   Fire           56%        2d7       1%          2
 Inner Flame              Hex/Fire       24%        N/A       1%          3
 Mephitic Cloud           Conj/Alch/Air  28%        N/A       1%          3
 Tukima's Dance           Hex            20%        N/A       2%          3
 Flame Wave               Conj/Fire      28%        2d9       4%          4
 Leda's Liquefaction      Alch/Erth      14%        N/A       4%          4
 Swiftness                Air            9%         N/A       9%          3
 Iskenderun's Mystic Bla Conj/Tloc 19%            2d6        (+2d2     11%         4
 Dimensional Bullseye     Hex/Tloc       7%         N/A       16%         4
 Airstrike                Air            4%         2d(1-17)  28%         4
 Freezing Cloud           Conj/Ice/Air   7%         6-21      38%         5
 Lee's Rapid Deconstruct  Erth           4%         3d5*      58%         5
 Permafrost Eruption      Ice/Erth       4%         2x4d2     98%         6
 Summon Cactus Giant      Summ           4%         N/A       98%         6
 Chain Lightning          Conj/Air       9%         3d12      100%        9
 Fire Storm               Conj/Fire      14%        8d4       100%        9
 Shatter                  Erth           4%         3d8*      100%        9


Dungeon Overview and Level Annotations

Branches:
Dungeon (14/15)            Temple (1/1) D:7            Lair (0/5) D:11
    Orc (0/2) D:12        Ossuary (visited)          Bailey (visited)
 Vaults: D:13-14

Altars:
Ashenzari
Cheibriados
Dithmenos
Elyvilon
Fedhas
Hepliaklqana
Kikubaaqudgha
Makhleb
Nemelex Xobeh
Okawaru
Qazlal
Ru
Sif Muna
Trog
Uskayaw
Vehumet
Wu Jian
Xom
Yredelemnul
The Shining One

Shops:
D:8 !   D:9 [   D:14 (

Annotations:
D:1 exclusion: downstairs
D:4 exclusion: downstairs
D:8 dig here
D:14 Rupert


Innate Abilities, Weirdness & Mutations

Your life essence is reduced to manifest your ancestor. (-10% HP)
You are very small and have problems with some larger weapons.
You are too small for most types of armour.
You have supernaturally acute eyesight. (SInv)
You cover ground extremely quickly. (Speed+++)


Message History

The freezing wraith freezes you! You resist.
* * * LOW HITPOINT WARNING * * *
The freezing wraith closely misses you.
Casting: Sticky Flame (dangerous; 1% risk of failure)
Confirm with . or Enter, or press ? or * to list all spells.
Aiming: Sticky Flame (dangerous; 1% risk of failure)
Press: ? - help, Shift-Dir - straight line, f/p - freezing wraith
Aim: a freezing wraith (heavily damaged, unstickable)
The sticky flame hits the freezing wraith!
The freezing wraith is burned terribly!
The freezing wraith is severely damaged.
The freezing wraith completely misses you.
The freezing wraith hits you but does no damage.
Casting: Sticky Flame (dangerous; 1% risk of failure)
Confirm with . or Enter, or press ? or * to list all spells.
Aiming: Sticky Flame (dangerous; 1% risk of failure)
Press: ? - help, Shift-Dir - straight line, f/p - freezing wraith
Aim: a freezing wraith (severely damaged, unstickable)
The sticky flame hits the freezing wraith.
The freezing wraith is burned terribly!
The freezing wraith is almost destroyed.
The freezing wraith misses you. The freezing wraith closely misses you.
The freezing wraith misses you. The freezing wraith barely misses you.
Casting: Sticky Flame (dangerous; 1% risk of failure)
Confirm with . or Enter, or press ? or * to list all spells.
Aiming: Sticky Flame (dangerous; 1% risk of failure)
Press: ? - help, Shift-Dir - straight line, f/p - freezing wraith
Aim: a freezing wraith (almost destroyed, unstickable)
The sticky flame hits the freezing wraith.
The freezing wraith is burned terribly!
The freezing wraith is almost destroyed.
The freezing wraith completely misses you.
The freezing wraith closely misses you.
The freezing wraith completely misses you. x2
The freezing wraith attacks as it pursues you!
The freezing wraith hits you!
* * * LOW HITPOINT WARNING * * *
The freezing wraith freezes you. You resist.
You die...
Hepliaklqana delivers you to your ancestors.

...>............#
...##...........#
######'########## #.∩.##
##...## # ###..# '#
####.##### ...
###........### ....
#####...........@# .....
....R.#........#W#......
#######........#.'......
#........###......
######.### ###+.# #.#
#.# #.# #.#


You could see a freezing wraith.

Vanquished Creatures
  Snorg (D:13)
  Josephine (D:12)
  Fannar (D:12)
  A hydra (D:14)
  2 two-headed ogres
  Pikel (D:7)
  A deep elf pyromancer (D:13)
  An ugly thing (D:13)
  Maurice (D:7)
  A cyclops (D:7)
  A manticore (D:13)
  Jeremiah (D:7)
  An unseen horror (D:11)
  3 gargoyles
  Maggie (D:10)
  A kobold demonologist (D:10)
  A rime drake (shapeshifter) (D:14)
  2 trolls (D:12)
  A hornet (D:8)
  Sigmund (D:3)
  18 yaks
  A wyvern (D:11)
  2 wraiths (D:12)
  A steam dragon (D:9)
  An unseen horror simulacrum (D:8)
  3 basilisks
  8 vampire mosquitoes
  2 acid dragons
  A water moccasin (D:7)
  4 orc warriors
  A sky beast (D:6)
  A black bear (D:4)
  An ice beast (D:8)
  6 wolves
  6 centaurs
  3 lemures (D:7)
  3 kobold brigands
  9 gnoll sergeants
  4 bullfrogs
  A scorpion (D:7)
  16 wights
  5 killer bees (D:9)
  A bombardier beetle (D:7)
  2 electric eels (D:8)
  4 howler monkeys
  2 lava snakes (D:14)
  A wyvern simulacrum (D:8)
  5 hounds
  2 centaur skeletons (Ossuary)
  6 orc priests
  Crazy Yiuf (D:2)
  5 gnoll boudas (Bailey)
  3 iguanas
  2 sleepcaps (D:5)
  12 orc wizards
  A centaur simulacrum (D:8)
  A mummy (Ossuary)
  Robin (D:2)
  20 gnolls
  8 adders
  2 shadow imps (D:5)
  5 white imps
  An ufetubus (D:8)
  2 dart slugs (D:5)
  A ribbon worm (D:2)
  18 orcs
  4 bats
  7 endoplasms
  2 giant cockroaches
  17 goblins
  7 hobgoblins
  3 jackals (D:2)
  3 quokkas
  7 ball pythons
  7 frilled lizards
  17 kobolds
  2 kobold skeletons (Ossuary)
303 creatures vanquished.

Vanquished Creatures (collateral kills)
  A manticore (D:13)
  A troll (D:13)
  3 wraiths (D:12)
  A shadow (D:11)
  A centaur simulacrum (D:14)
  4 vampire mosquitoes
  An acid dragon (D:13)
  A gnoll sergeant (Bailey)
  3 wights (D:10)
  2 howler monkeys
  A hound (Bailey)
  An orc priest (D:10)
  A gnoll bouda (Bailey)
  2 gnolls
  An orc (D:10)
24 creatures vanquished.

Vanquished Creatures (others)
  4 hexers
  An ancestor (Bailey)
5 creatures vanquished.

Grand Total: 332 creatures vanquished

Notes
Turn   | Place    | Note
-------+----------+-------------------------------------------
     0 | D:1      | Autsider the Spriggan Alchemist began the quest for the
                  | Orb.
     0 | D:1      | Reached XP level 1. HP: 9/9 MP: 5/5
   274 | D:1      | Reached skill level 1 in Fighting
   430 | D:1      | Reached XP level 2. HP: 14/14 MP: 6/6
  1500 | D:2      | Reached XP level 3. HP: 18/18 MP: 5/8
  1548 | D:2      | Noticed Robin
  1656 | D:2      | Identified the +8 hand axe of Uncertain Death {heavy,
                  | Str+3}
  2100 | D:2      | Found a runed translucent door.
  2101 | D:2      | Noticed Crazy Yiuf
  2453 | D:2      | Killed Robin
  2454 | D:2      | Reached XP level 4. HP: 23/23 MP: 0/9
  2459 | D:2      | Learned a level 4 spell: Olgreb's Toxic Radiance
  2956 | D:2      | Killed Crazy Yiuf
  3493 | D:3      | Reached skill level 5 in Alchemy
  3730 | D:3      | Reached XP level 5. HP: 26/26 MP: 10/10
  3737 | D:3      | Noticed Sigmund
  3752 | D:3      | Killed Sigmund
  3753 | D:3      | Reached XP level 6. HP: 30/30 MP: 2/12
  4170 | D:4      | Reached skill level 5 in Stealth
  4446 | D:4      | Reached XP level 7. HP: 35/35 MP: 11/15
  5459 | D:5      | Entered Level 5 of the Dungeon
  5469 | D:5      | Reached skill level 5 in Spellcasting
  5586 | D:5      | Noticed a shadow
  5656 | D:5      | Found a sand-covered staircase.
  5662 | Ossuary  | Entered an ossuary
  5668 | Ossuary  | Learned a level 4 spell: Sticky Flame
  5820 | Ossuary  | Reached skill level 1 in Fire Magic
  6421 | D:5      | Found a shimmering blue altar of Sif Muna.
  7199 | D:6      | Reached XP level 8. HP: 26/39 MP: 7/16
  7510 | D:6      | Found an ancient bone altar of Kikubaaqudgha.
  7687 | D:6      | Learned a level 4 spell: Ignite Poison
  8049 | D:7      | Noticed Maurice
  8058 | D:7      | Killed Maurice
  8059 | D:7      | Reached skill level 5 in Fire Magic
  8059 | D:7      | Reached XP level 9. HP: 42/42 MP: 1/17
  8236 | D:7      | Reached skill level 5 in Dodging
  8486 | D:7      | Noticed Jeremiah
  8576 | D:7      | Killed Jeremiah
  8736 | D:7      | Noticed a cyclops
  8832 | D:7      | Killed a cyclops
  8833 | D:7      | Reached skill level 5 in Conjurations
  9035 | D:7      | Noticed Pikel
  9038 | D:7      | Killed Pikel
  9167 | D:7      | Found a staircase to the Ecumenical Temple.
  9301 | Temple   | Entered the Ecumenical Temple
  9321 | Temple   | Became a worshipper of Hepliaklqana the Forgotten
  9596 | D:8      | Found Ropluopu's Distillery.
  9615 | D:8      | Reached XP level 10. HP: 49/49 MP: 13/18
 10615 | D:8      | Found a shimmering altar of Xom.
 11156 | D:8      | Identified a scroll of acquirement
 11391 | D:9      | Got Sif Muna's Precepts of the Oath
 11401 | D:9      | Reached skill level 5 in Fighting
 11436 | D:9      | Reached skill level 10 in Stealth
 12047 | D:9      | Reached skill level 10 in Dodging
 12196 | D:9      | Reached skill level 1 in Evocations
 12214 | D:9      | Reached skill level 1 in Invocations
 12465 | D:9      | Reached XP level 11. HP: 46/55 MP: 10/20
 12683 | D:9      | Found Licut's Antique Armour Shop.
 13045 | D:10     | Entered Level 10 of the Dungeon
 13202 | D:10     | Reached * piety under Hepliaklqana
 13355 | D:10     | Noticed a two-headed ogre
 13361 | D:10     | Killed a two-headed ogre
 13718 | D:10     | Found a flagged portal.
 13718 | D:10     | Noticed Maggie
 13725 | D:10     | Killed Maggie
 13757 | Bailey   | Entered a bailey
 14647 | D:11     | Reached skill level 10 in Alchemy
 14647 | D:11     | Reached skill level 5 in Evocations
 14989 | D:11     | Found a staircase to the Lair.
 15161 | D:11     | Reached ** piety under Hepliaklqana
 15162 | D:11     | Remembered your ancestor Ruqouthe as a hexer
 15360 | D:11     | Found a blossoming altar of Fedhas.
 15388 | D:11     | Reached skill level 5 in Invocations
 15653 | D:12     | Noticed a two-headed ogre
 15656 | D:12     | Killed a two-headed ogre
 15743 | D:12     | Noticed Fannar
 15747 | D:12     | Killed Fannar
 15853 | D:12     | Reached XP level 12. HP: 54/54 MP: 17/26
 16025 | D:12     | Noticed Josephine
 16030 | D:12     | Killed Josephine
 16470 | D:12     | Found a staircase to the Orcish Mines.
 17109 | D:12     | Reached skill level 10 in Spellcasting
 17681 | D:13     | Noticed Snorg
 17686 | D:13     | Killed Snorg
 18010 | D:14     | Reached *** piety under Hepliaklqana
 18056 | D:14     | Reached skill level 1 in Hexes
 18206 | D:14     | Noticed an eight-headed hydra
 18214 | D:14     | HP: 2/54 [eight-headed hydra (2)]
 18215 | D:14     | Killed an eight-headed hydra
 18414 | D:14     | Found a hide-covered altar of Uskayaw.
 18431 | D:14     | Noticed Rupert
 18637 | D:14     | Found Oga Xuta's Antique Weapon Shoppe.
 18640 | D:14     | Bought a warped shortbow for 288 gold pieces
 18640 | D:14     | Identified the +8 shortbow "Zotiz" {freeze, rF+ rC+ rN+}
                  | (You bought it in a shop on level 14 of the Dungeon)
 18716 | D:14     | HP: 2/54 [freezing wraith (12)]
 18716 | D:14     | Slain by a freezing wraith

Illustrated notes

Levels and vault maps discovered:
D:1:      dpeg_arrival_three_bigger_balls, layout_loops_corners,
          minmay_lizard_pond
D:2:      layout_basic, serial_aquarium, aquarium_bridge_square
          [aquarium_subvault_bridge, aquarium_subvault_window,
          aquarium_subvault_bridge, aquarium_subvault_bridge],
          aquarium_window_2, aquarium_window_fake, aquarium_window_fake,
          aquarium_view_2g, aquarium_view_2b, aquarium_pool_side,
          uniq_crazy_yiuf_cottage, uniq_robin
D:3:      layout_basic, minmay_misc_feat_tiny, uniq_sigmund
D:4:      layout_layer_cave, solitary_fountain, hangedman_decor_riveting
D:5:      kennysheep_big_flooded_room, layout_rooms, kennysheep_mini_moat,
          nicolae_ossuary_entry_plus
D:6:      cheibrodos_thug_alley, layout_loops_corners, zin_angel,
          mainiacjoe_overflow_paths, lemuel_round_altar
D:7:      layout_rooms, minmay_temple_entry_enclosed_plants, uniq_pikel,
          uniq_maurice, uniq_jeremiah
D:8:      layout_loops_ring, mainiacjoe_overflow_brackets, serial_shops,
          nicolae_inconvenience_store, serial_ice, serial_ice_b, serial_ice_g,
          serial_ice_n, serial_ice_l, minivault_21
D:9:      layout_grid_maze, serial_shops, shop
D:10:     layout_basic, enter_bailey_7, uniq_maggie
D:11:     layout_irregular_city, david_lair_generic, fedhas_altar_1
D:12:     layout_loops_ring, orc_0_dummy, serial_park_tiny_2,
          hangedman_corner_corridor, uniq_fannar, uniq_josephine
D:13:     layout_roguey, uniq_snorg
D:14:     layout_roguey, hellmonk_vaults_order_and_chaos, special_room
          [special_room_mythical_zoo], nicolae_water_bricks, serial_shops, shop,
          minmay_misc_feat_chi, nicolae_uskayaw_suspiria, uniq_rupert
Temple:   nicolae_temple_bog_church

Skill      XL: |  1  2  3  4  5  6  7  8  9 10 11 12 |
---------------+-------------------------------------+-----
Fighting       | 1 2 3 5 |  5.0
Dodging        | 3 4 6 10 | 10.0
Alchemy        | 4 5 6 7 9 10 | 10.0
Spellcasting   | 3 4 5 9 10 | 10.0
Stealth        | 4 5 7 10 | 10.0
Fire Magic     | 3 5 |  5.0
Conjurations   | 2 5 |  5.0
Evocations     | 2 5 |  5.0
Invocations    | 1 6 9 |  9.5
Hexes          | 3 |  3.0

Action                     |  1- 3 |  4- 6 |  7- 9 | 10-12 || total
---------------------------+-------+-------+-------+-------++-------
  Melee: Unarmed           |    31 |     1 |       |       ||    32
         Punch             |     1 |       |       |       ||     1
         Dagger            |       |       |    28 |       ||    28
   Fire: Sling             |       |    19 |    99 |       ||   118
         Orcbow            |       |       |       |   306 ||   306
         Shortbow          |       |       |       |     4 ||     4
  Throw: Dart              |     3 |       |       |       ||     3
   Cast: Sting             |    95 |    52 |   122 |    61 ||   330
         Olgreb's Toxic Ra |       |     6 |    27 |    48 ||    81
         Sticky Flame      |       |       |     2 |    58 ||    60
         Ignite Poison     |       |       |    14 |    58 ||    72
 Invoke: Recall Ancestor   |       |       |       |     3 ||     3
         Ancestor Life: He |       |       |       |     1 ||     1
    Use: Potion            |       |     1 |     1 |       ||     2
         Scroll            |       |     3 |     5 |     9 ||    17
 Armour: Robe              |    16 |     3 |    78 |    20 ||   117
         Steam dragon scal |       |       |       |    60 ||    60
  Dodge: Dodged            |    61 |    22 |   148 |   207 ||   438

Table legend: (Time is in decaauts)
 A = Elapsed time spent in this place.
 B = Non-inter-level travel time spent in this place.
 C = Inter-level travel time spent in this place.
 D = Time resting spent in this place.
 E = Time spent auto-exploring this place.
 F = Levels seen in this place.
 G = Mean time per level.
                   A        B        C        D        E       F      G
               +--------+--------+--------+--------+--------+-----+--------+
         Total |  14904 |  14442 |    462 |   1982 |  10019 |  17 |  876.7 |
       Dungeon |  13863 |  13425 |    438 |   1510 |   9785 |  14 |  990.2 |
        Temple |     25 |      1 |     24 |      0 |      0 |   1 |   25.0 |
       Ossuary |    367 |    367 |      0 |    183 |     37 |   1 |  367.0 |
        Bailey |    648 |    648 |      0 |    288 |    196 |   1 |  648.0 |
               +--------+--------+--------+--------+--------+-----+--------+

Top non-repeatable levels by time:
     D:8: 1447 daAuts
     D:9: 1388 daAuts
     D:2: 1371 daAuts
    D:12: 1233 daAuts
     D:7: 1221 daAuts
     D:1: 991 daAuts
     D:4: 976 daAuts
     D:5: 841 daAuts
     D:6: 826 daAuts
    D:11: 790 daAuts
     D:3: 736 daAuts
    D:13: 722 daAuts
    D:10: 668 daAuts
  Bailey: 648 daAuts
    D:14: 647 daAuts
